Unix NetHack Version 5.0.0-0 post-release - last build Jun 10 2026 00:39:30 (3ee93aec679c4c4259841fe613dc97188e26a321,branch:main).

Game began 2026-06-30 00:01:46, ended 2026-06-30 00:23:10.

IanCurtis, chaotic male elven Wizard

                    --          --
               ------.-         -.
               `.......-------  ..
                .......... ..    . ----
                  ..... ..--.--- ... .
                   -....-......---.--.--
                ----...................|
                -................ .....----
                 ...............- -.......|
                   .....  -.....| --)..-
                    -...---..)..---...--  -----  ---
                    |....|..d....|....#   .........| ---- --
                    --..>*.)@?........##..............#.##.####
                    -........)...)..........................(.-
               ........--..................................^...-
                --....  ----..--..................................|
                 -----     ------.............--- ........#- |  ..|
                                --............|      .-----      --
                                  ..........---      --
                                 -.--.|.--.--
                                 --- ---- --
IanCurtis the Conjurer    St:9 Dx:16 Co:11 In:19 Wi:10 Ch:12  Chaotic
Dlvl:4  $:26 HP:0(29) Pw:0(55) AC:10 Xp:5 T:4213  Weak    

Latest messages:
 The kitten misses the rock mole.
 The kitten misses the rock mole.
 In what direction? u
 The spell misses the rock mole.
 The rock mole bites!
 The kitten misses the rock mole.
 In what direction? u
 The spell hits the rock mole!
 The kitten misses the rock mole.
 You miss the rock mole.
 The rock mole bites!
 The kitten misses the rock mole.
 You miss the rock mole.
 The rock mole bites!
 The kitten misses the rock mole.
 You miss the rock mole.
 The kitten misses the rock mole.
 You hit the rock mole.
 The rock mole bites!
 The kitten bites the rock mole.
 The rock mole misses the kitten.
 Wizard needs food, badly!
 In what direction? u
 The spell hits the rock mole!
 You kill the rock mole!
 A clear potion shatters!
 Call a clear potion: 
 Your kitten eats a rock mole corpse.
 You stop.  Your kitten is in the way!
 You swap places with your kitten.
 $ - 26 gold pieces.
 In what direction? j
 The spell hits the dwarf zombie!
 The dwarf zombie hits!
 In what direction? j
 The spell hits the dwarf zombie.
 You destroy the dwarf zombie!
 You descend the stairs.
 There is a branch staircase up to the Dungeons of Doom here.
 There are many objects here.
 The werejackal changes into a human.
 You don't have anything to eat.
 a - a blessed +1 quarterstaff.
 b - an uncursed +0 cloak of magic resistance.
 The werejackal changes into a jackal.
 In what direction? k
 The spell misses the werejackal.
 The werejackal bites!
 You die...
 Do you want your possessions identified? [ynq] (y) q

Inventory:
 Coins    ('$')
  $ - 26 gold pieces
 Weapons  (')')
  a - a blessed +1 quarterstaff
 Armor    ('[')
  b - an uncursed +0 cloak of magic resistance
 Tools    ('(')
  W - an uncursed tin whistle

IanCurtis the Wizard's attributes:

Background:
 You were a Conjurer, a level 5 male elven Wizard.
 You were chaotic, on a mission for Anhur
 who was opposed by Ptah (lawful) and Thoth (neutral).
 You were right-handed.
 You were in the Gnomish Mines, on level 4.
 You entered the dungeon 4213 turns ago.
 It was the midnight hour.
 There was a full moon in effect when your adventure ended.
 You had 317 experience points, 3 more were needed to attain level 6.

Basics:
 You had 0 out of 29 hit points.
 You had 0 out of 55 energy points (spell power).
 Your armor class was 10.
 Your wallet contained 26 zorkmids.
 Autopickup was off.

Final Characteristics:
 Your strength was 9 (base:10, limit:18).
 Your dexterity was 16 (limit:18).
 Your constitution was 11 (limit:16).
 Your intelligence was 19 (limit:20).
 Your wisdom was 10 (limit:20).
 Your charisma was 12 (limit:18).

Final Status:
 You were weak from severe hunger.
 You were unencumbered.
 You were bare handed.
 You were unskilled in bare handed combat.
 You weren't wearing any armor.

Final Attributes:
 You were piously aligned.
 You were sleep resistant.
 You were poison resistant.
 You were level-drain resistant.
 You had infravision.
 You were a werejackal.
 You were harmed by silver.
 You are dead.

Miscellaneous:
 You encountered 1 bones level.
 Total elapsed playing time was 21 minutes and 24 seconds.

Major events:
 Turn
    1: IanCurtis the chaotic male elven Wizard entered the dungeon
 1201: entered the Gnomish Mines
 1204: attained the rank of Conjurer (level 3)
 4213: killed by a werejackal

Spells:
 Name                 Level Category     Fail Retention
 force bolt             1   attack         0%   71%-80%
 extra healing          3   healing       79%  76%-100%
 confuse monster        1   enchantment    0%   81%-90%

Skills:
 Fighting Skills
   bare handed combat [Unskilled]
   riding             [Unskilled]
 Weapon Skills
   dagger             [Unskilled]
   knife              [Unskilled]
   axe                [Unskilled]
   short sword        [Unskilled]
   club               [Unskilled]
   mace               [Unskilled]
   quarterstaff       [Basic]
   polearms           [Unskilled]
   spear              [Unskilled]
   trident            [Unskilled]
   sling              [Unskilled]
   dart               [Unskilled]
   shuriken           [Unskilled]
 Spellcasting Skills
   attack spells      [Basic]
   healing spells     [Unskilled]
   divination spells  [Unskilled]
   enchantment spells [Basic]
   clerical spells    [Unskilled]
   escape spells      [Unskilled]
   matter spells      [Unskilled]

Voluntary challenges:
 Character rerolling was not enabled.
 You never genocided any monsters.
 You never polymorphed an object.
 You used no wishes.
Achievements:
 You entered the Gnomish Mines.
 You attained the rank of Conjurer.

 The Dungeons of Doom: levels 1 to 4
    Level 1: "vault"
       A sink.
    Level 2: "spellbooks by altar"
       An altar, a fountain.
    Level 3:
       A fountain.
       Stairs down to The Gnomish Mines.
    Level 4:
 The Gnomish Mines: levels 4 to 5
    Level 4: <- You were here.
       Final resting place for
          you, killed by a werejackal.
    Level 5:
       Final resting place for
          newcomer-Arc-Dwa-Fem-Law, killed by a cave spider, while praying.


Vanquished creatures:
  a rock mole
  a shrieker
  a gnome leader
  2 little dogs
  a floating eye
  3 dwarves
  2 homunculi
  a rothe
  a giant bat
  a dwarf zombie
  2 werejackals
  3 iguanas
  3 acid blobs
  2 coyotes
 10 manes
  a large kobold
  a hobgoblin
  2 giant rats
  a cave spider
  a green mold
 10 gnomes
  a gnome zombie
  3 geckos
  3 jackals
  2 foxes
  2 kobolds
  3 sewer rats
  4 grid bugs
  2 bats
  4 lichens
  2 kobold zombies
  5 newts
81 creatures vanquished.

No species were genocided or became extinct.

Game over:
                       ----------
                      /          \
                     /    REST    \
                    /      IN      \
                   /     PEACE      \
                  /                  \
                  |    IanCurtis     |
                  |      26 Au       |
                  |   killed by a    |
                  |    werejackal    |
                  |                  |
                  |                  |
                  |       2026       |
                 *|     *  *  *      | *
        _________)/\\_//(\/(/\)/\//\/|_)_______

Goodbye IanCurtis the Wizard...

You died in The Gnomish Mines on dungeon level 4 with 1502 points,
and 26 pieces of gold, after 4213 moves.
You were level 5 with a maximum of 29 hit points when you died.

